[ AOE2 MATCH · #472584167 ]
UnrankedWu vs Dravidians
[ REPLAY ANALYSIS · EXTRACTED FROM THE RECORDED GAME ]
Feudal
9:40
Castle
21:21
Imperial
35:24
| APM avg | 98.7 |
| APM peak | 152 |
| eAPM avg | 52.8 |
| Villagers / military | 182 / 53 |
Focus
⚔️ 57.9% · 🌾 42.1%
Unknown (1968) ×62 · Galley ×51 · Fishing Ship ×17 · Unknown (2626) ×13 · Trade Cog ×11 · Unknown (1942) ×6
Feudal
9:20
Castle
21:23
Imperial
36:30
| APM avg | 64.7 |
| APM peak | 139 |
| eAPM avg | 22.7 |
| Villagers / military | 116 / 97 |
Focus
⚔️ 39.2% · 🌾 60.8%
Galley ×54 · Archer ×33 · Unknown (2626) ×14 · Fishing Ship ×7 · Armored Elephant ×4 · Trebuchet (Packed) ×4
Feudal
12:10
Castle
16:06
Imperial
20:06
| APM avg | 50.1 |
| APM peak | 76 |
| eAPM avg | 32.2 |
| Villagers / military | 121 / 123 |
Focus
⚔️ 46.6% · 🌾 53.4%
Fire Galley ×116 · Unknown (2626) ×27 · Fishing Ship ×22 · Skirmisher ×4 · Spearman ×1 · Transport Ship ×1
Feudal
11:29
Castle
24:41
Imperial
39:00
| APM avg | 129.6 |
| APM peak | 201 |
| eAPM avg | 62.4 |
| Villagers / military | 115 / 119 |
Focus
⚔️ 76.4% · 🌾 23.6%
Galley ×84 · Composite Bowman ×18 · Fire Galley ×11 · Fishing Ship ×11 · Demolition Raft ×3 · Mangonel ×2
Feudal
12:41
Castle
15:11
Imperial
23:08
| APM avg | 65.9 |
| APM peak | 105 |
| eAPM avg | 38.4 |
| Villagers / military | 158 / 243 |
Focus
⚔️ 60.0% · 🌾 40.0%
Fire Galley ×242 · Fishing Ship ×24 · Trade Cog ×15 · Transport Ship ×1
Feudal
9:41
Castle
20:31
Imperial
34:57
| APM avg | 74.9 |
| APM peak | 149 |
| eAPM avg | 32.2 |
| Villagers / military | 135 / 70 |
Focus
⚔️ 45.6% · 🌾 54.4%
Galley ×36 · Archer ×32 · Unknown (1942) ×6 · Unknown (1959) ×5 · Trade Cog ×4 · Fishing Ship ×4
Match map
Initial resources + every placement click. Lines = walls · curves = elevation contours. ◆ gold · ⬟ stone · ● berries · ✦ relic · ◌ wall gap
Your base· ✓ Map-separated
NOC | Madtomski's base· ✓ Map-separated
NOC | Mr.Dobbsn's base· ✓ Map-separated
NOC | Mati's base· ✓ Map-separated
ELEOS | Xarkey's base· ✓ Map-separated
ELEOS | Danielsiii's base· ✓ Map-separated
Smoothed initial terrain · ◌ = detected wall gap · hover for details
Inputs per minute
— ELEOS | ElNoniro - - NOC | Madtomski
Build order — ELEOS | ElNoniro
First 150 of 488 actions detected
| 0:00 | Create | Villager (Male) |
| 0:00 | Create | Villager (Male) |
| 0:00 | Create | Villager (Male) |
| 0:00 | Create | Villager (Male) |
| 0:01 | Build | House |
| 0:02 | Build | House |
| 1:29 | Create | Villager (Male) |
| 1:36 | Build | Lumber Camp |
| 1:44 | Create | Villager (Male) |
| 2:09 | Create | Villager (Male) |
| 2:48 | Create | Villager (Male) |
| 3:04 | Build | Dock |
| 3:11 | Create | Villager (Male) |
| 3:11 | Create | Villager (Male) |
| 3:32 | Build | House |
| 3:39 | Create | Villager (Male) |
| 3:40 | Create | Villager (Male) |
| 3:54 | Create | Fishing Ship |
| 3:54 | Create | Fishing Ship |
| 3:54 | Create | Villager (Male) |
| 4:15 | Create | Villager (Male) |
| 4:26 | Create | Villager (Male) |
| 4:29 | Create | Fishing Ship |
| 4:54 | Build | House |
| 4:55 | Create | Villager (Male) |
| 5:23 | Create | Fishing Ship |
| 5:24 | Create | Villager (Male) |
| 5:34 | Create | Villager (Male) |
| 6:02 | Create | Fishing Ship |
| 6:02 | Create | Villager (Male) |
| 6:26 | Create | Fishing Ship |
| 6:34 | Build | House |
| 6:46 | Create | Fishing Ship |
| 6:46 | Create | Villager (Male) |
| 7:04 | Create | Villager (Male) |
| 7:22 | Research | Feudal Age |
| 7:22 | Research | Feudal Age |
| 7:22 | Research | Feudal Age |
| 7:22 | Research | Feudal Age |
| 7:26 | Create | Fishing Ship |
| 7:48 | Build | Lumber Camp |
| 8:21 | Build | Dock |
| 8:41 | Build | Mining Camp |
| 8:53 | Build | House |
| 8:59 | Create | Villager (Male) |
| 9:10 | Build | Dock |
| 9:35 | Create | Villager (Male) |
| 9:40 | Age | Feudal Age |
| 9:42 | Create | Galley |
| 9:43 | Create | Galley |
| 9:43 | Research | Double-Bit Axe |
| 9:43 | Research | Double-Bit Axe |
| 9:43 | Research | Double-Bit Axe |
| 9:43 | Research | Double-Bit Axe |
| 10:03 | Create | Galley |
| 10:04 | Create | Villager (Male) |
| 10:15 | Build | House |
| 10:16 | Create | Galley |
| 10:18 | Create | Villager (Male) |
| 10:29 | Create | Galley |
| 10:34 | Build | House |
| 10:46 | Research | Wheelbarrow |
| 10:48 | Create | Galley |
| 10:58 | Create | Villager (Male) |
| 10:58 | Create | Villager (Male) |
| 10:58 | Create | Villager (Male) |
| 10:58 | Create | Villager (Male) |
| 11:13 | Create | Galley |
| 11:15 | Create | Villager (Male) |
| 11:18 | Build | Mill |
| 11:30 | Create | Galley |
| 11:31 | Create | Galley |
| 11:31 | Create | Villager (Male) |
| 11:45 | Create | Galley |
| 11:50 | Build | House |
| 11:59 | Create | Galley |
| 11:59 | Create | Galley |
| 12:00 | Create | Villager (Male) |
| 12:04 | Create | Galley |
| 12:04 | Create | Villager (Male) |
| 12:30 | Create | Galley |
| 12:31 | Create | Villager (Male) |
| 12:40 | Create | Villager (Male) |
| 12:55 | Create | Villager (Male) |
| 12:57 | Build | Blacksmith |
| 13:02 | Build | House |
| 13:09 | Create | Galley |
| 13:09 | Create | Galley |
| 13:22 | Create | Galley |
| 13:40 | Create | Galley |
| 13:44 | Research | Fletching |
| 13:44 | Research | Fletching |
| 13:44 | Research | Fletching |
| 13:44 | Research | Fletching |
| 13:53 | Create | Villager (Male) |
| 14:03 | Create | Galley |
| 14:04 | Create | Villager (Male) |
| 14:13 | Create | Galley |
| 14:14 | Create | Villager (Male) |
| 14:23 | Create | Galley |
| 14:26 | Create | Villager (Male) |
| 14:28 | Build | House |
| 14:54 | Create | Galley |
| 14:54 | Create | Galley |
| 14:58 | Build | House |
| 15:11 | Create | Galley |
| 15:11 | Create | Villager (Male) |
| 15:17 | Create | Galley |
| 15:17 | Create | Villager (Male) |
| 15:17 | Create | Villager (Male) |
| 15:29 | Create | Galley |
| 15:30 | Create | Villager (Male) |
| 15:32 | Build | Market |
| 15:42 | Create | Galley |
| 16:13 | Build | House |
| 16:14 | Build | House |
| 16:52 | Build | House |
| 16:55 | Create | Villager (Male) |
| 16:59 | Create | Galley |
| 17:00 | Create | Galley |
| 17:11 | Create | Villager (Male) |
| 17:11 | Create | Villager (Male) |
| 17:13 | Build | House |
| 17:15 | Create | Galley |
| 17:15 | Create | Galley |
| 17:26 | Create | Galley |
| 17:30 | Create | Galley |
| 17:33 | Create | Galley |
| 17:33 | Create | Villager (Male) |
| 17:40 | Build | House |
| 17:52 | Build | Dock |
| 18:01 | Build | House |
| 18:09 | Build | House |
| 18:12 | Build | Lumber Camp |
| 18:41 | Research | Castle Age |
| 18:41 | Research | Castle Age |
| 18:41 | Research | Castle Age |
| 18:44 | Build | House |
| 18:47 | Build | Lumber Camp |
| 18:57 | Create | Galley |
| 18:59 | Create | Galley |
| 19:01 | Create | Transport Ship |
| 19:08 | Create | Villager (Male) |
| 19:15 | Build | Mining Camp |
| 19:17 | Build | Mining Camp |
| 19:38 | Create | Villager (Male) |
| 19:48 | Research | Loom |
| 19:59 | Create | Galley |
| 20:15 | Create | Villager (Male) |
| 20:22 | Create | Galley |
Build order — NOC | Madtomski
First 150 of 319 actions detected
| 0:01 | Create | Villager (Male) |
| 0:02 | Build | House |
| 0:02 | Create | Villager (Male) |
| 0:02 | Build | House |
| 0:08 | Create | Villager (Male) |
| 0:19 | Create | Villager (Male) |
| 1:15 | Create | Villager (Male) |
| 1:41 | Create | Villager (Male) |
| 1:43 | Build | Lumber Camp |
| 2:12 | Create | Villager (Male) |
| 2:26 | Create | Villager (Male) |
| 3:22 | Create | Villager (Male) |
| 3:23 | Create | Villager (Male) |
| 3:45 | Build | Dock |
| 4:01 | Create | Villager (Male) |
| 4:24 | Create | Fishing Ship |
| 4:39 | Create | Villager (Male) |
| 4:39 | Create | Villager (Male) |
| 5:02 | Create | Fishing Ship |
| 5:21 | Build | House |
| 5:23 | Create | Villager (Male) |
| 5:47 | Create | Villager (Male) |
| 6:00 | Create | Fishing Ship |
| 6:05 | Create | Villager (Male) |
| 6:06 | Create | Villager (Male) |
| 6:54 | Create | Fishing Ship |
| 7:10 | Research | Feudal Age |
| 7:54 | Build | Lumber Camp |
| 8:22 | Build | Mining Camp |
| 8:40 | Build | Dock |
| 8:44 | Create | Villager (Male) |
| 9:00 | Build | Dock |
| 9:08 | Build | House |
| 9:20 | Age | Feudal Age |
| 9:21 | Create | Galley |
| 9:21 | Create | Galley |
| 9:30 | Research | Double-Bit Axe |
| 9:32 | Create | Villager (Male) |
| 9:36 | Create | Galley |
| 9:52 | Create | Galley |
| 9:57 | Create | Villager (Male) |
| 10:13 | Create | Galley |
| 10:23 | Create | Villager (Male) |
| 10:41 | Create | Galley |
| 10:45 | Create | Villager (Male) |
| 10:50 | Create | Galley |
| 10:55 | Build | House |
| 10:56 | Build | House |
| 11:09 | Create | Villager (Male) |
| 11:38 | Create | Galley |
| 11:38 | Create | Galley |
| 11:40 | Create | Villager (Male) |
| 11:42 | Create | Galley |
| 11:45 | Create | Villager (Male) |
| 12:02 | Build | Blacksmith |
| 12:15 | Create | Galley |
| 12:17 | Create | Villager (Male) |
| 12:28 | Create | Galley |
| 12:43 | Create | Villager (Male) |
| 12:47 | Create | Galley |
| 12:58 | Research | Fletching |
| 13:30 | Create | Galley |
| 13:30 | Create | Galley |
| 13:34 | Build | Mill |
| 13:39 | Create | Villager (Male) |
| 13:45 | Build | House |
| 13:46 | Build | House |
| 13:58 | Create | Galley |
| 13:58 | Create | Villager (Male) |
| 14:01 | Research | Loom |
| 14:21 | Create | Galley |
| 14:22 | Create | Villager (Male) |
| 14:33 | Create | Galley |
| 14:33 | Create | Villager (Male) |
| 14:40 | Create | Galley |
| 14:53 | Create | Villager (Male) |
| 15:10 | Create | Galley |
| 15:10 | Create | Villager (Male) |
| 15:18 | Create | Galley |
| 15:18 | Create | Villager (Male) |
| 15:21 | Build | House |
| 15:27 | Create | Galley |
| 15:58 | Create | Galley |
| 15:58 | Create | Villager (Male) |
| 16:01 | Create | Villager (Male) |
| 16:02 | Build | Farm |
| 16:03 | Build | Farm |
| 16:06 | Build | House |
| 16:32 | Create | Galley |
| 16:47 | Build | House |
| 16:48 | Create | Fishing Ship |
| 16:55 | Create | Galley |
| 17:09 | Create | Galley |
| 17:23 | Build | Market |
| 17:31 | Create | Villager (Male) |
| 17:44 | Create | Galley |
| 17:45 | Create | Villager (Male) |
| 17:59 | Create | Galley |
| 18:04 | Build | Farm |
| 18:04 | Create | Villager (Male) |
| 18:09 | Build | Farm |
| 18:28 | Create | Galley |
| 18:43 | Research | Castle Age |
| 18:53 | Build | House |
| 19:02 | Create | Galley |
| 19:03 | Create | Villager (Male) |
| 19:16 | Build | Mining Camp |
| 19:44 | Create | Galley |
| 19:47 | Create | Galley |
| 20:02 | Research | Gold Mining |
| 20:20 | Create | Galley |
| 20:36 | Create | Galley |
| 20:55 | Research | Horse Collar |
| 21:01 | Build | House |
| 21:06 | Create | Galley |
| 21:19 | Create | Galley |
| 21:23 | Age | Castle Age |
| 21:24 | Research | Bodkin Arrow |
| 21:31 | Research | War Galley (upgrade) |
| 21:39 | Create | Galley |
| 21:39 | Create | Galley |
| 21:59 | Create | Galley |
| 21:59 | Create | Galley |
| 22:00 | Create | Villager (Male) |
| 22:03 | Create | Villager (Male) |
| 22:23 | Research | Tech 906 |
| 22:24 | Create | Transport Ship |
| 22:29 | Build | University |
| 22:31 | Research | Bow Saw |
| 22:57 | Create | Villager (Male) |
| 23:03 | Build | House |
| 23:04 | Build | House |
| 23:23 | Create | Villager (Male) |
| 23:35 | Research | Ballistics |
| 23:45 | Create | Galley |
| 23:46 | Create | Villager (Male) |
| 23:52 | Create | Villager (Male) |
| 24:07 | Create | Villager (Male) |
| 24:19 | Create | Galley |
| 24:19 | Create | Galley |
| 24:20 | Create | Galley |
| 24:29 | Build | Town Center |
| 24:30 | Create | Villager (Male) |
| 24:31 | Create | Villager (Male) |
| 24:33 | Create | Galley |
| 24:33 | Create | Galley |
| 24:36 | Create | Villager (Male) |
| 24:41 | Build | House |
| 24:48 | Create | Galley |
| 25:08 | Create | Galley |
Build order — NOC | Mr.Dobbsn
First 150 of 381 actions detected
| 0:00 | Create | Villager (Male) |
| 0:00 | Create | Villager (Male) |
| 0:01 | Create | Villager (Male) |
| 0:02 | Build | House |
| 0:02 | Build | House |
| 0:05 | Create | Villager (Male) |
| 1:13 | Create | Villager (Male) |
| 1:27 | Build | Lumber Camp |
| 1:41 | Create | Villager (Male) |
| 2:09 | Create | Villager (Male) |
| 2:09 | Create | Villager (Male) |
| 2:30 | Create | Villager (Male) |
| 2:54 | Create | Villager (Male) |
| 3:20 | Create | Villager (Male) |
| 3:34 | Build | Dock |
| 3:59 | Create | Villager (Male) |
| 3:59 | Create | Villager (Male) |
| 4:21 | Create | Fishing Ship |
| 4:27 | Create | Villager (Male) |
| 4:57 | Create | Villager (Male) |
| 4:58 | Create | Fishing Ship |
| 5:02 | Build | House |
| 5:18 | Create | Villager (Male) |
| 5:18 | Create | Villager (Male) |
| 5:35 | Create | Fishing Ship |
| 6:01 | Build | Lumber Camp |
| 6:02 | Create | Villager (Male) |
| 6:18 | Build | House |
| 6:21 | Create | Villager (Male) |
| 6:28 | Create | Fishing Ship |
| 6:47 | Create | Villager (Male) |
| 6:57 | Create | Fishing Ship |
| 7:12 | Create | Villager (Male) |
| 7:25 | Create | Villager (Male) |
| 7:32 | Build | Dock |
| 7:34 | Create | Villager (Male) |
| 7:49 | Create | Fishing Ship |
| 7:49 | Create | Fishing Ship |
| 8:05 | Build | House |
| 8:13 | Create | Fishing Ship |
| 8:14 | Create | Villager (Male) |
| 8:26 | Create | Fishing Ship |
| 8:30 | Create | Villager (Male) |
| 8:45 | Build | Mining Camp |
| 8:56 | Create | Fishing Ship |
| 9:11 | Create | Fishing Ship |
| 9:14 | Create | Villager (Male) |
| 9:33 | Create | Fishing Ship |
| 9:50 | Build | House |
| 9:53 | Research | Feudal Age |
| 10:05 | Build | Dock |
| 10:22 | Build | Mill |
| 10:23 | Create | Fishing Ship |
| 10:23 | Create | Fishing Ship |
| 10:24 | Create | Villager (Male) |
| 10:52 | Create | Fishing Ship |
| 10:52 | Create | Fishing Ship |
| 11:14 | Build | House |
| 11:31 | Create | Villager (Male) |
| 11:43 | Build | House |
| 12:10 | Age | Feudal Age |
| 12:12 | Build | Market |
| 12:13 | Build | Blacksmith |
| 12:13 | Create | Fire Galley |
| 12:13 | Create | Fire Galley |
| 12:47 | Create | Fire Galley |
| 12:58 | Create | Villager (Male) |
| 13:01 | Build | Dock |
| 13:22 | Research | Castle Age |
| 13:28 | Create | Fire Galley |
| 13:28 | Create | Fire Galley |
| 13:33 | Create | Villager (Male) |
| 13:49 | Create | Fishing Ship |
| 13:49 | Create | Fishing Ship |
| 13:53 | Create | Fishing Ship |
| 13:59 | Create | Fishing Ship |
| 14:02 | Research | Double-Bit Axe |
| 14:32 | Research | Gold Mining |
| 15:01 | Create | Fishing Ship |
| 15:01 | Create | Fishing Ship |
| 15:25 | Create | Villager (Male) |
| 15:25 | Create | Villager (Male) |
| 15:52 | Create | Fire Galley |
| 16:06 | Age | Castle Age |
| 16:09 | Build | University |
| 16:11 | Build | Monastery |
| 16:14 | Create | Fire Galley |
| 16:14 | Create | Fire Galley |
| 16:35 | Build | House |
| 16:37 | Build | House |
| 16:56 | Research | Imperial Age |
| 16:57 | Research | Imperial Age |
| 16:58 | Create | Fire Galley |
| 16:58 | Create | Fire Galley |
| 17:01 | Research | War Galley (upgrade) |
| 17:09 | Create | Fire Galley |
| 17:13 | Create | Villager (Male) |
| 17:20 | Build | Mining Camp |
| 17:26 | Research | Tech 908 |
| 17:28 | Create | Fire Galley |
| 17:36 | Research | Tech 908 |
| 17:40 | Create | Fire Galley |
| 17:42 | Create | Villager (Male) |
| 17:51 | Create | Fire Galley |
| 17:51 | Create | Fire Galley |
| 18:08 | Research | Careening |
| 18:15 | Create | Fire Galley |
| 18:25 | Create | Fire Galley |
| 18:33 | Create | Villager (Male) |
| 18:37 | Create | Fire Galley |
| 18:57 | Create | Fire Galley |
| 19:01 | Create | Fire Galley |
| 19:02 | Create | Villager (Male) |
| 19:03 | Research | Bow Saw |
| 19:26 | Create | Fire Galley |
| 19:26 | Create | Fire Galley |
| 19:34 | Create | Villager (Male) |
| 19:37 | Create | Fire Galley |
| 19:38 | Create | Villager (Male) |
| 19:48 | Create | Fire Galley |
| 20:06 | Age | Imperial Age |
| 20:19 | Research | Galleon (upgrade) |
| 20:20 | Create | Fire Galley |
| 20:27 | Create | Villager (Male) |
| 20:29 | Create | Villager (Male) |
| 20:31 | Create | Fire Galley |
| 20:40 | Create | Fire Galley |
| 20:49 | Create | Fire Galley |
| 20:52 | Create | Villager (Male) |
| 21:00 | Create | Fire Galley |
| 21:08 | Build | House |
| 21:11 | Build | House |
| 21:16 | Create | Fire Galley |
| 21:39 | Research | Dry Dock |
| 21:41 | Create | Fire Galley |
| 21:48 | Create | Villager (Male) |
| 21:48 | Create | Villager (Male) |
| 21:53 | Create | Fire Galley |
| 21:57 | Build | Mining Camp |
| 21:57 | Create | Villager (Male) |
| 21:58 | Create | Fire Galley |
| 22:02 | Create | Fire Galley |
| 22:11 | Create | Fire Galley |
| 22:16 | Create | Villager (Male) |
| 22:17 | Create | Villager (Male) |
| 22:20 | Create | Fire Galley |
| 22:27 | Create | Villager (Male) |
| 22:30 | Create | Fire Galley |
| 22:42 | Create | Fire Galley |
| 22:53 | Create | Fire Galley |
Build order — NOC | Mati
First 150 of 334 actions detected
| 0:00 | Create | Villager (Male) ×4 |
| 0:01 | Build | House |
| 0:03 | Build | House |
| 1:23 | Build | Mule Cart |
| 1:30 | Create | Villager (Male) |
| 1:30 | Create | Villager (Male) |
| 1:59 | Create | Villager (Male) |
| 2:22 | Create | Villager (Male) |
| 2:53 | Create | Villager (Male) |
| 2:53 | Create | Villager (Male) |
| 3:13 | Build | Dock |
| 3:21 | Create | Villager (Male) |
| 3:25 | Build | House |
| 3:48 | Create | Villager (Male) |
| 4:04 | Create | Fishing Ship |
| 4:10 | Create | Villager (Male) |
| 4:31 | Create | Villager (Male) |
| 4:31 | Create | Villager (Male) |
| 4:51 | Create | Fishing Ship |
| 4:55 | Create | Villager (Male) |
| 4:55 | Create | Villager (Male) |
| 5:27 | Create | Fishing Ship |
| 5:29 | Create | Villager (Male) |
| 5:30 | Create | Villager (Male) |
| 5:31 | Build | House |
| 5:46 | Create | Villager (Male) |
| 5:46 | Create | Villager (Male) |
| 5:54 | Create | Fishing Ship |
| 6:14 | Create | Villager (Male) |
| 6:22 | Create | Fishing Ship |
| 6:33 | Create | Villager (Male) |
| 6:37 | Build | House |
| 6:40 | Create | Villager (Male) |
| 6:51 | Build | Mill |
| 6:58 | Create | Villager (Male) |
| 7:08 | Create | Villager (Male) |
| 7:09 | Create | Fishing Ship |
| 7:45 | Create | Villager (Male) |
| 7:52 | Create | Fishing Ship |
| 8:05 | Build | Dock |
| 8:13 | Create | Villager (Male) |
| 8:13 | Create | Villager (Male) |
| 8:32 | Build | Mule Cart |
| 8:44 | Build | House |
| 9:19 | Research | Feudal Age |
| 9:19 | Research | Feudal Age |
| 9:19 | Research | Loom |
| 9:31 | Build | Mule Cart |
| 9:40 | Build | Dock |
| 9:49 | Create | Villager (Male) |
| 10:31 | Build | House |
| 11:29 | Age | Feudal Age |
| 11:30 | Create | Fire Galley |
| 11:30 | Create | Fire Galley |
| 11:30 | Create | Fire Galley |
| 11:34 | Create | Galley |
| 11:34 | Create | Galley |
| 11:35 | Create | Galley |
| 11:35 | Create | Galley |
| 11:37 | Build | House |
| 11:44 | Research | Double-Bit Axe |
| 11:50 | Create | Fishing Ship |
| 11:59 | Create | Galley |
| 12:00 | Create | Villager (Male) |
| 12:01 | Create | Villager (Male) |
| 12:12 | Create | Galley |
| 12:15 | Build | Blacksmith |
| 12:17 | Create | Galley |
| 12:17 | Create | Galley |
| 12:29 | Create | Galley |
| 12:29 | Create | Villager (Male) |
| 12:43 | Create | Galley |
| 12:58 | Create | Galley |
| 12:59 | Create | Villager (Male) |
| 13:07 | Research | Fletching |
| 13:22 | Create | Villager (Male) |
| 13:33 | Create | Villager (Male) |
| 13:41 | Build | House |
| 13:42 | Build | House |
| 13:42 | Build | House |
| 13:42 | Build | House |
| 13:49 | Create | Galley |
| 14:04 | Create | Galley |
| 14:06 | Create | Galley |
| 14:07 | Create | Villager (Male) |
| 14:27 | Create | Villager (Male) |
| 14:33 | Build | House |
| 14:34 | Build | House |
| 14:35 | Create | Galley |
| 14:39 | Create | Fishing Ship |
| 14:51 | Create | Galley |
| 14:51 | Create | Villager (Male) |
| 15:02 | Create | Galley |
| 15:29 | Create | Galley |
| 15:30 | Create | Villager (Male) |
| 15:32 | Build | House |
| 15:34 | Create | Villager (Male) |
| 15:48 | Create | Galley |
| 15:55 | Build | Dock |
| 15:59 | Create | Galley |
| 16:00 | Create | Galley |
| 16:23 | Create | Galley |
| 16:27 | Create | Villager (Male) |
| 16:44 | Create | Villager (Male) |
| 16:47 | Build | Farm |
| 16:47 | Build | Farm |
| 16:47 | Build | Farm |
| 16:47 | Build | Farm |
| 16:48 | Build | Farm |
| 16:48 | Create | Villager (Male) |
| 16:53 | Create | Galley |
| 17:06 | Create | Villager (Male) |
| 17:09 | Build | Farm |
| 17:09 | Build | Farm |
| 17:19 | Create | Galley |
| 17:28 | Create | Galley |
| 17:32 | Create | Galley |
| 17:32 | Create | Villager (Male) |
| 17:37 | Create | Villager (Male) |
| 17:46 | Create | Galley |
| 17:48 | Create | Villager (Male) |
| 17:48 | Create | Villager (Male) |
| 18:04 | Create | Galley |
| 18:11 | Create | Villager (Male) |
| 18:33 | Create | Galley |
| 18:33 | Create | Villager (Male) |
| 18:35 | Create | Galley |
| 18:36 | Research | Tech 906 |
| 19:01 | Create | Villager (Male) |
| 19:03 | Create | Galley |
| 19:11 | Create | Galley |
| 19:14 | Create | Villager (Male) |
| 19:15 | Build | Farm |
| 19:16 | Build | Farm |
| 19:16 | Build | Farm |
| 19:42 | Create | Galley |
| 19:46 | Create | Villager (Male) |
| 19:47 | Build | Farm |
| 20:02 | Create | Villager (Male) |
| 20:12 | Create | Galley |
| 20:15 | Create | Galley |
| 20:18 | Create | Villager (Male) |
| 20:20 | Build | Farm |
| 20:35 | Create | Villager (Male) |
| 20:40 | Create | Galley |
| 20:42 | Build | Mule Cart |
| 20:43 | Create | Villager (Male) |
| 20:52 | Build | Market |
| 21:13 | Create | Galley |
| 21:22 | Create | Villager (Male) |
Build order — ELEOS | Xarkey
First 150 of 431 actions detected
| 0:00 | Create | Villager (Male) ×4 |
| 0:01 | Build | House |
| 0:04 | Build | House |
| 1:19 | Build | Lumber Camp |
| 1:29 | Create | Villager (Male) |
| 1:38 | Create | Villager (Male) |
| 2:04 | Create | Villager (Male) |
| 2:43 | Create | Villager (Male) |
| 3:11 | Create | Villager (Male) |
| 3:37 | Create | Villager (Male) |
| 3:43 | Build | Dock |
| 3:59 | Build | House |
| 4:05 | Create | Villager (Male) |
| 4:22 | Create | Fishing Ship |
| 4:34 | Create | Villager (Male) |
| 4:34 | Create | Villager (Male) |
| 4:48 | Create | Villager (Male) |
| 4:57 | Create | Fishing Ship |
| 5:14 | Build | House |
| 5:16 | Create | Villager (Male) |
| 5:34 | Create | Fishing Ship |
| 5:48 | Create | Villager (Male) |
| 5:48 | Create | Villager (Male) |
| 6:00 | Build | Lumber Camp |
| 6:08 | Create | Villager (Male) |
| 6:22 | Create | Fishing Ship |
| 6:22 | Create | Fishing Ship |
| 6:23 | Create | Villager (Male) |
| 6:28 | Build | House |
| 6:47 | Create | Villager (Male) |
| 6:49 | Create | Fishing Ship |
| 7:03 | Create | Villager (Male) |
| 7:23 | Build | Dock |
| 7:33 | Build | House |
| 7:38 | Create | Fishing Ship |
| 7:38 | Create | Villager (Male) |
| 8:04 | Create | Villager (Male) |
| 8:09 | Create | Fishing Ship |
| 8:15 | Create | Fishing Ship |
| 8:27 | Build | House |
| 8:31 | Build | Dock |
| 8:35 | Build | Dock |
| 8:38 | Create | Villager (Male) |
| 8:41 | Create | Fishing Ship |
| 8:50 | Create | Villager (Male) |
| 8:50 | Create | Fishing Ship |
| 9:03 | Create | Fishing Ship |
| 9:15 | Build | House |
| 9:21 | Create | Fishing Ship |
| 9:29 | Create | Villager (Male) |
| 9:34 | Create | Fishing Ship |
| 9:45 | Create | Fishing Ship |
| 9:52 | Create | Villager (Male) |
| 10:05 | Create | Fishing Ship |
| 10:05 | Create | Fishing Ship |
| 10:08 | Create | Villager (Male) |
| 10:10 | Create | Fishing Ship |
| 10:13 | Build | House |
| 10:16 | Build | House |
| 10:30 | Build | House |
| 10:43 | Build | Mining Camp |
| 10:46 | Create | Fishing Ship |
| 10:52 | Create | Villager (Male) |
| 10:58 | Create | Fishing Ship |
| 11:08 | Create | Fishing Ship |
| 11:15 | Research | Feudal Age |
| 11:29 | Build | House |
| 11:37 | Create | Fishing Ship |
| 11:37 | Create | Fishing Ship |
| 11:41 | Create | Villager (Male) |
| 12:02 | Build | Mill |
| 12:13 | Create | Villager (Male) |
| 12:41 | Age | Feudal Age |
| 12:43 | Build | Blacksmith |
| 12:45 | Build | Market |
| 13:02 | Build | Lumber Camp |
| 13:19 | Research | Tech 906 |
| 13:23 | Research | Double-Bit Axe |
| 13:35 | Research | Castle Age |
| 13:39 | Create | Fire Galley |
| 13:49 | Research | Gold Mining |
| 13:51 | Build | House |
| 13:52 | Build | House |
| 14:02 | Create | Villager (Male) |
| 14:18 | Build | Dock |
| 14:19 | Create | Fire Galley |
| 14:35 | Create | Villager (Male) |
| 14:38 | Create | Fire Galley |
| 15:08 | Build | House |
| 15:11 | Age | Castle Age |
| 15:21 | Research | Gillnets |
| 15:22 | Research | Bow Saw |
| 15:22 | Research | Bow Saw |
| 15:25 | Create | Villager (Male) |
| 15:26 | Create | Villager (Male) |
| 15:31 | Build | University |
| 15:32 | Create | Villager (Male) |
| 15:36 | Create | Fire Galley |
| 15:44 | Create | Fire Galley |
| 15:44 | Create | Fire Galley |
| 15:54 | Create | Fire Galley |
| 15:54 | Create | Fire Galley |
| 15:54 | Create | Villager (Male) |
| 15:58 | Build | House |
| 16:16 | Research | War Galley (upgrade) |
| 16:16 | Research | War Galley (upgrade) |
| 16:29 | Create | Fire Galley |
| 16:30 | Create | Villager (Male) |
| 16:32 | Build | House |
| 16:38 | Build | Mining Camp |
| 16:41 | Create | Villager (Male) |
| 16:42 | Create | Fire Galley |
| 16:42 | Create | Fire Galley |
| 16:52 | Create | Fire Galley |
| 16:59 | Build | House |
| 17:00 | Create | Villager (Male) |
| 17:02 | Create | Villager (Male) |
| 17:03 | Create | Fire Galley |
| 17:03 | Create | Villager (Male) |
| 17:14 | Create | Fire Galley |
| 17:15 | Create | Villager (Male) |
| 17:18 | Build | House |
| 17:22 | Create | Fire Galley |
| 17:22 | Create | Fire Galley |
| 17:27 | Create | Fire Galley |
| 17:27 | Create | Fire Galley |
| 17:31 | Create | Villager (Male) |
| 17:39 | Create | Fire Galley |
| 17:44 | Create | Villager (Male) |
| 17:59 | Research | Tech 908 |
| 18:00 | Create | Fire Galley |
| 18:11 | Create | Fire Galley |
| 18:11 | Create | Fire Galley |
| 18:14 | Create | Villager (Male) |
| 18:15 | Create | Villager (Male) |
| 18:19 | Create | Villager (Male) |
| 18:45 | Create | Fire Galley |
| 18:45 | Create | Fire Galley |
| 18:45 | Create | Fire Galley |
| 18:58 | Create | Villager (Male) |
| 19:02 | Build | House |
| 19:03 | Create | Fire Galley |
| 19:03 | Create | Fire Galley |
| 19:04 | Create | Fire Galley |
| 19:07 | Create | Villager (Male) |
| 19:12 | Build | Dock |
| 19:25 | Research | Tech 909 |
| 19:42 | Create | Fire Galley |
| 19:42 | Create | Fire Galley |
| 19:43 | Create | Fire Galley |
Build order — ELEOS | Danielsiii
First 150 of 349 actions detected
| 0:00 | Create | Villager (Male) |
| 0:00 | Create | Villager (Male) |
| 0:00 | Create | Villager (Male) |
| 0:01 | Create | Villager (Male) |
| 0:02 | Build | House |
| 0:57 | Build | Lumber Camp |
| 1:08 | Create | Villager (Male) |
| 1:56 | Create | Villager (Male) |
| 2:03 | Build | House |
| 2:18 | Create | Villager (Male) |
| 2:51 | Create | Villager (Male) |
| 3:06 | Create | Villager (Male) |
| 3:11 | Build | Dock |
| 3:28 | Build | House |
| 3:36 | Create | Villager (Male) |
| 4:00 | Create | Villager (Male) |
| 4:02 | Create | Fishing Ship |
| 4:29 | Create | Villager (Male) |
| 4:33 | Create | Fishing Ship |
| 4:52 | Create | Villager (Male) |
| 4:52 | Create | Villager (Male) |
| 5:00 | Build | House |
| 5:23 | Create | Fishing Ship |
| 5:24 | Create | Villager (Male) |
| 5:41 | Create | Villager (Male) |
| 5:47 | Create | Villager (Male) |
| 6:01 | Create | Fishing Ship |
| 6:36 | Build | House |
| 7:04 | Create | Villager (Male) |
| 7:18 | Build | Lumber Camp |
| 7:31 | Research | Feudal Age |
| 7:31 | Research | Feudal Age |
| 7:32 | Research | Feudal Age |
| 8:08 | Build | Dock |
| 8:34 | Build | Dock |
| 8:43 | Create | Villager (Male) |
| 8:43 | Create | Villager (Male) |
| 8:44 | Create | Villager (Male) |
| 8:54 | Build | Mining Camp |
| 9:38 | Build | House |
| 9:41 | Build | House |
| 9:41 | Age | Feudal Age |
| 9:44 | Create | Galley |
| 9:44 | Create | Galley |
| 9:45 | Research | Double-Bit Axe |
| 9:51 | Create | Galley |
| 10:00 | Create | Villager (Male) |
| 10:25 | Create | Galley |
| 10:26 | Create | Galley |
| 10:47 | Create | Galley |
| 10:58 | Create | Villager (Male) |
| 11:09 | Create | Villager (Male) |
| 11:33 | Create | Galley |
| 11:34 | Create | Galley |
| 11:34 | Create | Villager (Male) |
| 11:38 | Build | House |
| 11:39 | Create | Villager (Male) |
| 11:39 | Create | Villager (Male) |
| 11:50 | Create | Galley |
| 11:50 | Create | Villager (Male) |
| 12:03 | Create | Galley |
| 12:14 | Create | Villager (Male) |
| 12:16 | Create | Galley |
| 12:21 | Build | Blacksmith |
| 12:39 | Create | Villager (Male) |
| 12:43 | Build | Mill |
| 13:06 | Build | House |
| 13:09 | Research | Fletching |
| 13:26 | Create | Galley |
| 13:26 | Create | Galley |
| 13:26 | Create | Villager (Male) |
| 13:35 | Create | Galley |
| 13:36 | Create | Villager (Male) |
| 14:06 | Create | Galley |
| 14:06 | Create | Galley |
| 14:06 | Create | Villager (Male) |
| 14:17 | Build | House |
| 14:30 | Build | House |
| 14:33 | Create | Galley |
| 14:33 | Create | Villager (Male) |
| 14:36 | Build | House |
| 14:57 | Create | Galley |
| 15:17 | Create | Galley |
| 15:19 | Create | Villager (Male) |
| 15:32 | Build | Dock |
| 15:59 | Create | Galley |
| 15:59 | Create | Galley |
| 16:02 | Create | Villager (Male) |
| 16:32 | Create | Villager (Male) |
| 16:35 | Build | Market |
| 16:39 | Create | Galley |
| 16:39 | Create | Galley |
| 16:56 | Create | Galley |
| 17:05 | Create | Galley |
| 17:06 | Create | Villager (Male) |
| 17:20 | Build | House |
| 17:28 | Create | Villager (Male) |
| 17:40 | Build | House |
| 17:46 | Research | Castle Age |
| 17:46 | Research | Castle Age |
| 17:50 | Create | Galley |
| 17:50 | Create | Galley |
| 18:06 | Create | Galley |
| 18:06 | Create | Galley |
| 18:12 | Research | Gold Mining |
| 18:30 | Create | Galley |
| 18:32 | Create | Villager (Male) |
| 19:05 | Create | Galley |
| 19:05 | Create | Galley |
| 19:41 | Create | Galley |
| 19:41 | Create | Galley |
| 19:41 | Create | Villager (Male) |
| 20:31 | Age | Castle Age |
| 20:33 | Create | Transport Ship |
| 20:36 | Research | War Galley (upgrade) |
| 20:37 | Research | Bodkin Arrow |
| 20:40 | Research | Bow Saw |
| 20:41 | Create | Villager (Male) |
| 20:46 | Create | Transport Ship |
| 20:50 | Create | Villager (Male) |
| 20:52 | Create | Villager (Male) |
| 20:56 | Build | University |
| 21:07 | Build | Lumber Camp |
| 21:21 | Create | Galley |
| 21:21 | Create | Galley |
| 21:22 | Create | Villager (Male) |
| 21:46 | Create | Villager (Male) |
| 22:23 | Create | Villager (Male) |
| 22:25 | Build | House |
| 22:44 | Build | Town Center |
| 22:45 | Build | House |
| 23:05 | Research | Tech 908 |
| 23:31 | Research | Loom |
| 23:44 | Create | Villager (Male) |
| 23:52 | Build | Mining Camp |
| 23:53 | Create | Villager (Male) |
| 24:12 | Research | Ballistics |
| 24:13 | Create | Villager (Male) |
| 24:48 | Create | Villager (Male) |
| 24:54 | Build | Town Center |
| 24:56 | Create | Villager (Male) |
| 24:57 | Create | Villager (Male) |
| 24:59 | Create | Villager (Male) |
| 24:59 | Create | Villager (Male) |
| 24:59 | Create | Villager (Male) |
| 25:18 | Research | Horse Collar |
| 25:22 | Build | Farm |
| 25:23 | Build | Farm |
| 25:24 | Build | Farm |
| 25:55 | Research | Careening |
Match timeline
| 3:04 | ELEOS | ElNoniro · first_building Dock |
| 3:11 | ELEOS | Danielsiii · first_building Dock |
| 3:13 | NOC | Mati · first_building Dock |
| 3:34 | NOC | Mr.Dobbsn · first_building Dock |
| 3:43 | ELEOS | Xarkey · first_building Dock |
| 3:45 | NOC | Madtomski · first_building Dock |
| 9:20 | NOC | Madtomski · age_up feudal |
| 9:40 | ELEOS | ElNoniro · age_up feudal |
| 9:41 | ELEOS | Danielsiii · age_up feudal |
| 11:29 | NOC | Mati · age_up feudal |
| 12:10 | NOC | Mr.Dobbsn · age_up feudal |
| 12:41 | ELEOS | Xarkey · age_up feudal |
| 15:11 | ELEOS | Xarkey · age_up castle |
| 16:06 | NOC | Mr.Dobbsn · age_up castle |
| 16:11 | NOC | Mr.Dobbsn · first_building Monastery |
| 16:17 | NOC | Mr.Dobbsn · first_market_sell 100 stone |
| 17:43 | ELEOS | Danielsiii · first_market_buy 100 food |
| 18:07 | ELEOS | ElNoniro · first_market_buy 100 food |
| 18:35 | NOC | Madtomski · first_market_sell 100 stone |
| 18:36 | NOC | Madtomski · first_market_buy 100 food |
| 18:40 | ELEOS | ElNoniro · first_market_sell 100 wood |
| 19:55 | NOC | Mr.Dobbsn · first_market_buy 100 wood |
| 20:06 | NOC | Mr.Dobbsn · age_up imperial |
| 20:08 | ELEOS | Xarkey · first_building Monastery |
| 20:20 | ELEOS | Xarkey · first_market_sell 500 food |
| 20:31 | ELEOS | Danielsiii · age_up castle |
| 21:21 | ELEOS | ElNoniro · age_up castle |
| 21:23 | NOC | Madtomski · age_up castle |
| 21:55 | NOC | Mati · first_market_sell 100 food |
| 23:08 | ELEOS | Xarkey · age_up imperial |
| 23:28 | ELEOS | Xarkey · first_market_buy 100 wood |
| 24:41 | NOC | Mati · age_up castle |
| 24:50 | ELEOS | ElNoniro · first_building Castle |
| 27:49 | NOC | Madtomski · first_building Castle |
| 28:01 | ELEOS | Danielsiii · first_building Monastery |
| 28:03 | ELEOS | Danielsiii · first_building Barracks |
| 29:23 | ELEOS | Danielsiii · first_building Castle |
| 30:09 | NOC | Madtomski · first_building Siege Workshop |
| 30:24 | ELEOS | Danielsiii · first_building Archery Range |
| 31:29 | ELEOS | Danielsiii · first_market_sell 100 wood |
| 31:40 | NOC | Mati · first_market_buy 100 stone |
| 31:48 | NOC | Mati · first_building Castle |
| 32:33 | NOC | Mr.Dobbsn · first_building Castle |
| 32:49 | NOC | Mati · first_building Siege Workshop |
| 33:29 | ELEOS | Danielsiii · first_building Siege Workshop |
| 34:46 | NOC | Madtomski · first_building Barracks |
| 34:57 | ELEOS | Danielsiii · age_up imperial |
| 35:12 | NOC | Mr.Dobbsn · first_building Barracks |
| 35:24 | ELEOS | ElNoniro · age_up imperial |
| 35:31 | ELEOS | ElNoniro · first_building Siege Workshop |
| 35:34 | NOC | Madtomski · first_building Archery Range |
| 36:30 | NOC | Madtomski · age_up imperial |
| 36:36 | NOC | Mr.Dobbsn · first_building Archery Range |
| 38:10 | ELEOS | Xarkey · first_building Siege Workshop |
| 39:00 | NOC | Mati · age_up imperial |
| 39:26 | ELEOS | Xarkey · first_building Barracks |
| 40:08 | ELEOS | Xarkey · first_building Castle |
| 40:19 | NOC | Madtomski · resign |
[ AI ANALYSIS · 1 CREDIT ]
What really happened in this match?
Wolo.gg analyzes every decision: build order, eco, micro, common mistakes by bracket. Personalized analysis on WhatsApp or Discord in 30 seconds.
Civ guide
Wu
Perfil
Jugador #2924270